[Event "16th HSG Open-A 2022"]
[Site "Hilversum"]
[Date "2022.06.19"]
[Round "5.4"]
[White "Konings, Frans"]
[Black "Leenhouts, Koen"]
[Result "0-1"]
[ECO "D95"]
[WhiteElo "2136"]
[BlackElo "2416"]
[Annotator "TA"]
[PlyCount "56"]
[EventDate "2022.06.17"]
[EventCountry "NED"]
[SourceTitle "playchess.com"]
[Source "ChessBase"]
[SourceQuality "1"]
[TimeControl "6600+10"]

1. Nf3 Nf6 2. c4 g6 3. d4 Bg7 4. Nc3 d5 5. e3 c6 6. Qb3 O-O 7. Bd2 e6 8. Rc1 Nbd7 {[%emt 0:01:08] D95: Grünfeld: 4 Nf3 Bg7 5 e3 0-0 6 Qb3.} 9. Be2 b6 10. O-O Bb7 {[%emt 0:00:09] The position is equal.} 11. Rfd1 Qe7 {[%emt 0:04:03] [#]} 12. Re1 $146 ({Predecessor:} 12. Be1 Rfd8 13. h3 dxc4 14. Bxc4 c5 15. Nb5 Nd5 16. e4 a6 17. Na3 Nb4 18. dxc5 bxc5 {0-1 (28) Mamedyarov,S (2742)-Carlsen,M (2775) Moscow 2008}) 12... Rfd8 13. Bd3 dxc4 14. Bxc4 c5 15. Be2 Rac8 16. Qa3 a6 17. Na4 (17. Bxa6 Ra8 18. Bxb7 Rxa3 19. bxa3 Nb8 $17) 17... Ne4 18. Red1 Bf8 {[%emt 0:08:40] Black is more active.} 19. dxc5 ({White should play} 19. Be1 $1 $15) 19... Nxd2 $17 ({Reject} 19... Nexc5 $6 20. Bb4 $11) 20. Rxd2 b5 21. Rxd7 Qxd7 ({Don't play} 21... Rxd7 $6 22. Nb6 $11) 22. Nb6 {[%emt 0:02:25][%csl LRc8,LRd7] [#]} Bxc5 $1 23. Rxc5 {[%emt 0:01:31] [#]} Qd1+ 24. Bf1 Rxc5 25. Qxc5 Bxf3 $40 {[%emt 0:01:57][%mdl 128] Black has strong attack.} 26. gxf3 Qxf3 27. Nd7 $2 Qg4+ $19 28. Kh1 {[%emt 0:00:12] Strongly threatening Nf6+.} Qd1 {[%emt 0:00:53] Weighted Error Value: White=0.52/Black=0.03 (flawless)} 0-1

[Event "16th HSG Open-A 2022"]
[Site "Hilversum"]
[Date "2022.06.19"]
[Round "5.5"]
[White "Elgersma, Onno"]
[Black "Honkoop, Gilian"]
[Result "1-0"]
[ECO "C01"]
[WhiteElo "2303"]
[BlackElo "2197"]
[Annotator "TA"]
[PlyCount "63"]
[EventDate "2022.06.17"]
[EventCountry "NED"]
[SourceTitle "playchess.com"]
[Source "ChessBase"]
[SourceQuality "1"]
[TimeControl "6600+10"]

1. c4 e5 2. e3 Nf6 3. d4 exd4 4. exd4 d5 5. Nc3 Be7 6. Nf3 O-O 7. h3 Be6 {[%emt 0:07:05] C01: French: Exchange Variation.} 8. cxd5 Nxd5 9. Bd3 Nc6 {[%emt 0:06:42] The position is equal.} 10. O-O h6 {[%emt 0:01:54] [#]} 11. Bb1 $146 ({Predecessor:} 11. a3 Nxc3 12. bxc3 Bf6 13. Re1 Re8 14. Rb1 Bd5 15. c4 Bxf3 16. Rxe8+ Qxe8 17. Qxf3 Bxd4 {0-1 (39) Sardi,A (1590)-Veljacic,C (1915) Montevideo 2019}) 11... Nf6 12. Re1 Re8 13. a3 Na5 (13... Qd7 $11) 14. Bc2 (14. b4 $16 Nc6 15. Bb2) 14... Nc4 {[%emt 0:00:22] [#]} ({Black should play} 14... Qd6 $14) 15. Qd3 $2 (15. Rxe6 $1 $18 {[%mdl 512] has better winning chances.} fxe6 16. Qe2 Bxa3 17. bxa3) 15... Nd6 $2 {[%emt 0:03:36] [#]} (15... Qd7 $16) 16. Qd1 $2 (16. Rxe6 $1 $18 fxe6 17. Bxh6) 16... Bf5 (16... Nc4 $11) 17. Bb3 $14 Bf8 18. Ne5 c6 19. Bf4 Be6 20. Bc2 Bf5 21. Ba4 Rc8 22. Rc1 Nfe4 23. Bb3 {[%emt 0:02:53][%cal Oe1e4] Black must now prevent Rxe4!} Ng5 24. h4 Ne6 25. Bg3 Bh7 $2 {[%emt 0:02:52] [#]} (25... a5 $11 {and Black has nothing to worry.}) 26. Qh5 (26. Nxf7 $1 $18 Kxf7 27. d5) 26... Rc7 $2 {[%emt 0:00:37][%mdl 8192] [#]} (26... Qf6 $16 {was called for.}) 27. Nxf7 $1 $18 Nxf7 (27... Rxf7 28. Rxe6) 28. Bxc7 {[%emt 0:00:25] White is clearly winning.} ({Not} 28. Bxe6 Rce7 $16) 28... Qxc7 29. Bxe6 {[%emt 0:00:33][%cal Oc3d5] aiming for Nd5!} Re7 {[%emt 0:00:02] [#]} 30. Nd5 $1 {[%emt 0:00:18] Against Qf4} cxd5 (30... Qd8 31. Nxe7+) 31. Rxc7 Rxc7 32. Qxd5 {[%emt 0:00:34] Weighted Error Value: White=0.46/Black=0.91} 1-0

[Event "16th HSG Open-A 2022"]
[Site "Hilversum"]
[Date "2022.06.19"]
[Round "5.6"]
[White "Berrevoets, Jeroen"]
[Black "Wiersma, Eelke"]
[Result "0-1"]
[ECO "B11"]
[WhiteElo "2035"]
[BlackElo "2299"]
[Annotator "TA"]
[PlyCount "58"]
[EventDate "2022.06.17"]
[EventCountry "NED"]
[SourceTitle "playchess.com"]
[Source "ChessBase"]
[SourceQuality "1"]
[TimeControl "6600+10"]

1. e4 c6 2. Nc3 d5 3. Nf3 Bg4 4. h3 Bxf3 5. Qxf3 e6 6. d3 Nd7 7. Bd2 Qb6 {[%emt 0:01:18] [#] Recently 7...g6 got a lot of attention. B11: Caro-Kann: Two Knights Variation.} 8. a4 $146 ({White should try} 8. O-O-O $11) ({Predecessor:} 8. O-O-O Bd6 9. h4 Ne7 10. h5 Be5 11. h6 g6 12. Na4 Qc7 13. Nc3 Rc8 14. Ne2 c5 15. exd5 Nxd5 {0-1 (25) Liang,A (2572)-Mamedyarov,S (2804) Chess.com INT 2018}) 8... Bb4 9. exd5 cxd5 {[%emt 0:01:35] Black is slightly better.} 10. Qg3 Ngf6 {[%emt 0:04:17] Strongly threatening ...d4.} 11. Qxg7 (11. Be2 $1 $11) 11... Rg8 $17 12. Qh6 Rg6 (12... d4 $15 {should be considered.} 13. Nd1 Rg6) 13. Qf4 {[%emt 0:06:18] [#]} (13. a5 $1 $11 Bxa5 14. Qf4) 13... d4 (13... e5 $1 $17 14. a5 Qc5) 14. a5 $1 $15 Qc5 $36 {[%emt 0:09:47][%mdl 2048] Black has the initiative.} 15. Ne4 (15. Ne2 $1 $15) 15... Nxe4 $17 16. Qxe4 $2 {[%emt 0:01:47] White does not recover from this.} (16. dxe4 $17 {was forced.} Qxc2 17. Bxb4 Qxb2 18. Rd1 (18. Ra4 $2 Qb1+ 19. Kd2 Qb2+ 20. Ke1 Rc8 $19) 18... Qxb4+ 19. Qd2 Qxd2+ 20. Rxd2) 16... Bxd2+ $19 17. Kxd2 Rc8 18. Rc1 Qb4+ ({Not} 18... Qxa5+ $2 19. Kd1 Qb6 20. Qe2 $19) 19. Kd1 Qxb2 {[%emt 0:00:45] ...Nc5 is the strong threat.} 20. Be2 $2 (20. Qe2) 20... Nc5 21. Qe5 Ke7 {[%emt 0:01:05][%cal Oc5b3] And now ...Nb3! would win.} 22. Qf4 Na4 {[%emt 0:02:37] Active counter play!} 23. Qh4+ (23. Bf3 $142 Nc3+ 24. Ke1) 23... Rf6 {[%emt 0:03:25] ( -> ...Nc3+)} 24. Bf3 Nc3+ 25. Kd2 {[%emt 0:00:09] [#]} Nb1+ $1 26. Kd1 {[%emt 0:05:50] [#]} Qc3 $1 27. Rxb1 (27. Qg5 h6) 27... Qxc2+ {[%emt 0:00:11] Black mates.} 28. Ke1 Qxb1+ 29. Bd1 Qxd3 {[%emt 0:01:11] Weighted Error Value: White=1.09/Black=0.18 (very precise)} (29... Rc1 $142 30. Qg4 Qc2 31. Rf1 Qc3+ 32. Ke2 Rb1 33. Qf4 Rxf4 34. g3 Rb2+ 35. Bc2 Rxc2+ 36. Kd1 Qd2#) 0-1

[Event "16th HSG Open-A 2022"]
[Site "Hilversum"]
[Date "2022.06.19"]
[Round "5.7"]
[White "Bosboom, Ardin"]
[Black "Pham, Khoi"]
[Result "0-1"]
[ECO "D13"]
[WhiteElo "2093"]
[BlackElo "2291"]
[Annotator "TA"]
[PlyCount "82"]
[EventDate "2022.06.17"]
[EventCountry "NED"]
[SourceTitle "playchess.com"]
[Source "ChessBase"]
[SourceQuality "1"]
[TimeControl "6600+10"]

1. d4 d5 2. c4 c6 3. cxd5 cxd5 4. Nc3 Nf6 5. Bf4 Nc6 6. e3 a6 7. Be2 Bf5 8. Nf3 e6 9. Qb3 {[%emt 0:00:56] D13: Slav Defence: Exchange variation without ...Bf5.} Ra7 10. O-O Bd6 11. Ne5 {[%emt 0:03:33] White is slightly better.} Bxe5 {[%emt 0:05:21] [#]} 12. Bxe5 $146 (12. dxe5 Nd7 $11) ({Predecessor:} 12. dxe5 Nd7 13. Rfd1 O-O 14. Rac1 Qe7 15. Na4 Ndxe5 16. Nb6 Nd7 17. Nxd7 Qxd7 18. Qb6 {1-0 (67) Salimova,N (2403)-Richter,N (2381) Chess.com INT 2022}) 12... Nxe5 13. dxe5 Nd7 14. f4 {[%emt 0:03:54] Hoping for g4.} O-O 15. g4 Bg6 16. Rad1 {[%emt 0:16:53] Black should prevent f5.} b5 17. Kh1 (17. Qb4 {is interesting.} h6 18. f5 Bh7 19. fxe6 fxe6 20. Qd6) 17... f6 18. f5 Bf7 19. fxe6 Bxe6 20. Bf3 (20. exf6 $11 Nxf6 21. g5) 20... Nxe5 21. Bxd5 Bxd5+ 22. Nxd5 Qa8 23. e4 Kh8 24. Qg3 Raf7 25. Rfe1 Re8 26. Rc1 Qd8 {[%emt 0:05:06] Against Nc7} 27. Rc3 Rd7 28. Rec1 Nc4 29. Qg2 Nd6 30. Rc6 h6 ({Don't play} 30... Nxe4 $6 31. Rc8 Rxd5 32. Rxd8 Rdxd8 33. Qf3 $11) 31. e5 $2 {[%emt 0:05:38][%mdl 8192] Now White is beyond hope.} (31. b3 $17 {is more resistant.}) 31... Nc4 $19 32. b3 (32. Nxf6 $142 gxf6 33. Qf3) 32... Rxd5 33. bxc4 Rdxe5 {[%emt 0:00:09] [#] ...Re1+ is the strong threat.} 34. Qf2 {[%emt 0:02:04] Inhibits Re1+.} Re2 35. Qf1 Qd2 (35... Qb8 $142 36. Qh3 Qf4 37. Rf1 Re1 38. Kg1 Qd4+ 39. Kh1 Qf2 40. Rxf6 Qxf6 41. Qd3 Qf2 42. h4 Rxf1+ 43. Qxf1 Qxf1+ 44. Kh2 Re3 45. cxb5 Rh3#) 36. Rd1 Qe3 37. Rxf6 Qe4+ ({Worse is} 37... gxf6 38. Qxf6+ Kh7 39. Qf7+ Kh8 40. Qf6+ Kh7 41. Qf7+ Kh8 42. Qf6+ $11) 38. Rf3 Re3 {[%emt 0:00:38] Black mates.} 39. Kg2 Rf8 40. Rd3 Rfxf3 41. Rxe3 Rxe3+ {[%emt 0:00:11] Weighted Error Value: White=1.09/Black=0.19 (very precise)} ({Inferior is} 41... Qxe3 42. Qxf3 Qxf3+ 43. Kxf3 bxc4 44. Ke4 $19) 0-1

[Event "16th HSG Open-A 2022"]
[Site "Hilversum"]
[Date "2022.06.19"]
[Round "5.8"]
[White "De Groote, Ewoud"]
[Black "De Winter, Arthur"]
[Result "1/2-1/2"]
[ECO "A67"]
[WhiteElo "2230"]
[BlackElo "2090"]
[Annotator "TA"]
[PlyCount "81"]
[EventDate "2022.06.17"]
[EventCountry "NED"]
[SourceTitle "playchess.com"]
[Source "ChessBase"]
[SourceQuality "1"]
[TimeControl "6600+10"]

1. d4 Nf6 2. c4 c5 3. d5 e6 4. Nc3 exd5 5. cxd5 d6 6. e4 g6 7. f4 Bg7 8. Bb5+ Nfd7 9. a4 Qh4+ 10. g3 Qe7 11. Nf3 O-O 12. O-O Na6 13. Re1 Nb4 14. Bf1 {[%emt 0:06:35] A67: Modern Benoni: Taimanov Variation.} b6 {[%emt 0:08:25] [#]} 15. Bd2 $146 ({Predecessor:} 15. Nd2 Bd4+ 16. Kg2 Nf6 17. h3 Qd7 18. g4 h5 19. Bb5 Qd8 20. g5 a6 21. Bf1 Qd7 {1-0 (72) Loiacono,A (2304)-Boraso,A (2271) Bassano del Grappa 2020}) 15... Ba6 16. Bxa6 {[%emt 0:03:24] White is slightly better.} Nxa6 17. Qb3 Rfc8 18. Qc4 {[%emt 0:04:36] White is more active.} (18. Nd1 $14) 18... Nb4 $11 19. Nd1 a6 20. Rc1 (20. Bxb4 $14 cxb4 21. Qxb4) 20... Qe8 21. Qe2 {[%emt 0:10:05] Against b5} (21. Bc3 {feels hotter.} b5 22. axb5 Nb6 23. Qf1) 21... Nf6 22. Bxb4 cxb4 23. Rxc8 Qxc8 24. Nf2 Qd7 25. Qc4 $36 {[%emt 0:02:08][%mdl 2048] White is more active.} a5 26. Qc6 (26. Nd4 $14) 26... Qd8 (26... Qxc6 $142 27. dxc6 Rc8) 27. Rc1 (27. Qb5 $5 ) 27... Nd7 {[%emt 0:00:58] Inhibits e5.} 28. Qxd6 {[%emt 0:00:35] aiming for Nd3.} Nc5 {[%emt 0:00:12] Inhibits Nd3.} 29. Qxd8+ Rxd8 30. Ne5 {[%emt 0:00:24] Strongly threatening Nc6.} Re8 (30... Kf8 $11) 31. Nc4 {[%emt 0:00:32] And now e5 would win.} Nxe4 32. Nxe4 Rxe4 $16 {[%emt 0:00:01][%mdl 4096] Endgame KRB-KRN} 33. b3 Kf8 34. Kf2 {[%emt 0:00:18] Hoping for Kf3.} Rd4 (34... Bd4+ $11 35. Kf3 f5) 35. Nxb6 {[%emt 0:00:09] Rc8+ is the strong threat.} Rd3 $2 (35... Rd2+ $16 36. Ke3 Bc3) 36. Ke2 $18 Rxb3 37. d6 $2 (37. Nc4 Ra3 $1 $11) (37. Rc8+ $1 $18 Ke7 38. Rc7+ Ke8 39. d6 (39. Nc4 Bd4 $16)) 37... Bc3 $2 {[%emt 0:00:31] [#]} ({Better is} 37... Rb2+ $1 $14 38. Kd3 Rb3+ 39. Kc4 Rc3+ 40. Rxc3 bxc3) 38. Nd5 $2 ({Not} 38. Nc4 Ke8 $16) (38. Rd1 $1 $18) 38... Ke8 39. Nxc3 bxc3 (39... Rxc3 40. Rxc3 bxc3 41. Kd3 $18) 40. Kd3 Rb6 (40... Rb4 $11 {keeps the balance.}) 41. Rxc3 {[%emt 0:00:06] Weighted Error Value: White=0.33/Black=0.54} 1/2-1/2

[Event "16th HSG Open-A 2022"]
[Site "Hilversum"]
[Date "2022.06.19"]
[Round "5.9"]
[White "Tabak, Stefan"]
[Black "Wagenvoorde, Guido"]
[Result "1-0"]
[ECO "B40"]
[WhiteElo "2160"]
[BlackElo "2090"]
[Annotator "TA"]
[PlyCount "47"]
[EventDate "2022.06.17"]
[EventCountry "NED"]
[SourceTitle "playchess.com"]
[Source "ChessBase"]
[SourceQuality "1"]
[TimeControl "6600+10"]

1. e4 c5 2. Nf3 e6 3. b4 cxb4 4. d4 d6 5. a3 bxa3 6. Bd3 {[%emt 0:00:10] B40: Sicilian: 2...e6, Unusual lines.} (6. Rxa3 d5 7. Re3 dxe4 8. Rxe4 Nf6 $17) 6... Be7 ({Don't take} 6... Qa5+ 7. Qd2 (7. Bd2 Qd8 $14) 7... Qxd2+ 8. Bxd2 $14 (8. Nbxd2 d5 $14)) 7. O-O Nd7 8. Nxa3 {[%emt 0:03:44] [#] White is slightly better.} e5 $146 {[%emt 0:22:55] Inhibits Bf4.} ({Predecessor:} 8... Ngf6 9. c4 O-O 10. e5 dxe5 11. dxe5 Ne8 12. Be3 g6 13. Nb5 a6 14. Bh6 Ng7 {0-1 (50) Granja Fuentes,J-Rubio Nevado,P (2100) Burguillos 2008}) 9. dxe5 dxe5 10. Bb2 Qc7 (10... f6 $11) 11. Bb5 $16 {[%emt 0:09:20][%mdl 1024] Threatens to win with Bxe5. White has strong compensation.} f6 12. Qd3 ({White should play} 12. Qd5 $16 {aiming for Rfd1.} Qc5 13. Qb3) 12... Nh6 (12... a6 $15) 13. Rfd1 (13. Qc4 $11 Qb8 14. Qa4) 13... Nf7 (13... a6 $15 {keeps the upper hand.}) 14. Nh4 {[%emt 0:09:46] [#] White is much more active.} (14. Qc4 $1 $16 Qxc4 15. Nxc4) 14... g6 ({Better is} 14... O-O $1 $15) 15. Qh3 (15. Qc4 $11 Qd8 16. Qd5 (16. Qe6 a6 $15)) 15... Ng5 (15... a6 $17 16. c4 Rb8) 16. Qd3 Nf7 (16... a6 $17 17. Nf3 Nxf3+ 18. Qxf3 O-O) 17. Bc4 O-O $2 {[%emt 0:05:17] A mistake that costs the game.} (17... Nc5 $15 {stays ahead.} 18. Nb5 Qb6) 18. Nb5 {[%emt 0:06:08][%csl LRa7,LRc7][%mdl 64] Discovered Attack, Double Attack} Qb6 {[%emt 0:02:12] [#]} (18... Qc6 $142) 19. Qg3 $1 $18 Kh8 $2 {[%emt 0:12:53] [#]} (19... Bc5 20. Nxg6 Bxf2+ 21. Qxf2 hxg6) 20. Nxg6+ $1 {[%emt 0:03:52][%mdl 576] Demolition} hxg6 21. Qxg6 {[%emt 0:00:08] Strongly threatening Rd3.} Ng5 22. Bc1 {[%emt 0:03:22][%cal Ob5d6] And now Nd6! would win.} f5 23. Nd6 (23. Rd6 $142 Bxd6 24. Bxg5) 23... Nh7 (23... f4 $18 24. Qh5+ Nh7) 24. Bh6 {[%emt 0:00:38] Weighted Error Value: White=0.74/Black=0.98} 1-0

[Event "16th HSG Open-A 2022"]
[Site "Hilversum"]
[Date "2022.06.19"]
[Round "5.10"]
[White "Jashchenko, Vladimir"]
[Black "Becx, Cesar"]
[Result "0-1"]
[ECO "C22"]
[WhiteElo "2055"]
[BlackElo "2101"]
[Annotator "NA RC"]
[PlyCount "70"]
[EventDate "2022.06.17"]
[EventCountry "NED"]
[SourceTitle "playchess.com"]
[Source "ChessBase"]
[SourceQuality "1"]
[TimeControl "6600+10"]

1. e4 e5 2. d4 exd4 3. Qxd4 Nc6 4. Qc4 Nf6 5. Bg5 h6 6. Bh4 g5 7. Bg3 d5 8. exd5 Nxd5 9. Nd2 Be6 10. O-O-O Ndb4 11. Re1 Nxa2+ 12. Qxa2 Qxd2+ 13. Kxd2 O-O-O+ 14. Kc1 Bxa2 15. Nf3 Bb4 16. c3 Bd6 17. Bb5 Bd5 18. Bxc6 Bxc6 19. Ne5 Bd5 20. f3 Rde8 21. c4 Be6 22. b3 Ba3+ 23. Kc2 Bb4 24. Rd1 Bf5+ 25. Kb2 f6 26. Rd5 fxe5 $19 27. Bxe5 Rhf8 28. Rb5 c6 29. Rxb4 Rxe5 30. g4 Re2+ 31. Ka3 Bd7 32. Ra4 Rxf3 33. Rxa7 Kb8 34. Ra5 b6 35. Ra4 c5 0-1

[Event "16th HSG Open-A 2022"]
[Site "Hilversum"]
[Date "2022.06.19"]
[Round "5.11"]
[White "In t Veld, Daan"]
[Black "Klaren, Oscar"]
[Result "1/2-1/2"]
[ECO "B22"]
[WhiteElo "2133"]
[BlackElo "1878"]
[Annotator "NA RC"]
[PlyCount "97"]
[EventDate "2022.06.17"]
[EventCountry "NED"]
[SourceTitle "playchess.com"]
[Source "ChessBase"]
[SourceQuality "1"]
[TimeControl "6600+10"]

1. e4 c5 2. c3 Nf6 3. e5 Nd5 4. d4 cxd4 5. Nf3 Nc6 6. Bc4 Nb6 7. Bb3 d5 8. exd6 Qxd6 9. O-O Be6 10. Na3 Bxb3 {[%emt 0:01:20] now scores much better than the old 10...dxc3.} 11. axb3 dxc3 12. Nb5 Qxd1 13. Rxd1 Rc8 14. Nxa7 Nxa7 15. Rxa7 c2 16. Rd2 Rc7 {[%emt 0:02:50] [#]} 17. Ne1 $146 ({Predecessor:} 17. Nd4 e6 18. Kf1 Nd5 19. Rxc2 Kd7 20. Rxc7+ Kxc7 21. Ra8 g6 22. Nf3 f6 23. Nd4 {½-½ (29) Savic,M (2448)-Ajay,K (2315) Arandjelovac 2021}) 17... Nc8 18. Ra8 g6 19. Rxc2 Rxc2 20. Nxc2 Kd7 21. Bd2 Bg7 22. Bc3 Bxc3 23. bxc3 Rd8 24. Kf1 Nd6 25. Rxd8+ Kxd8 26. Ke2 e5 27. c4 Kd7 28. Kd3 Kc6 29. b4 f5 30. c5 Nc8 31. f3 h5 32. h4 Kb5 33. Kc3 Ne7 34. Kb3 Nd5 35. Na3+ Kc6 36. g3 f4 37. gxf4 Nxf4 38. Kc4 g5 39. b5+ $19 ({Don't blunder} 39. hxg5 $2 h4 40. g6 Nxg6 41. b5+ Kd7 $19) 39... Kd7 40. Nc2 gxh4 41. Ne3 h3 42. Nf1 Ng2 43. Kd3 Ke6 44. Ke4 Nf4 45. c6 bxc6 46. bxc6 Nd5 47. f4 exf4 48. c7 Nxc7 49. Kxf4 1/2-1/2

[Event "16th HSG Open-A 2022"]
[Site "Hilversum"]
[Date "2022.06.19"]
[Round "5.12"]
[White "Slagboom, Leandro"]
[Black "Verfuerth, Thomas"]
[Result "1/2-1/2"]
[ECO "B38"]
[WhiteElo "1997"]
[BlackElo "2055"]
[Annotator "TA"]
[PlyCount "63"]
[EventDate "2022.06.17"]
[EventCountry "NED"]
[SourceTitle "playchess.com"]
[Source "ChessBase"]
[SourceQuality "1"]
[TimeControl "6600+10"]

1. e4 c5 2. Nf3 d6 3. d4 cxd4 4. Nxd4 Nf6 5. f3 g6 6. c4 Nc6 7. Nc3 Bg7 8. Be3 Nxd4 {[%emt 0:04:34] B38: Sicilian: Maroczy Bind with 5...Bg7 and 7...0-0.} 9. Qxd4 Be6 10. b3 Qa5 {[%emt 0:03:50] [#] Strongly threatening ...Nh5. White is slightly better.} 11. Rc1 O-O 12. Qd2 {[%emt 0:00:15] Against Nd5} Rac8 {[%emt 0:01:28] [#]} 13. Bd3 $146 ({Predecessor:} 13. Be2 a6 14. O-O Rfe8 15. Rfd1 Nd7 16. Nd5 Qxd2 17. Rxd2 Bxd5 18. Rxd5 Rc6 19. Rd2 b5 20. Rdc2 b4 21. f4 Bc3 22. Rd1 Nf8 23. Bf3 e5 {½-½ (46) Diaz Reyes,F (1848)-Martin Hernandez,J (1849) Tenerife 2019}) 13... Rfd8 14. Ne2 Qxd2+ 15. Kxd2 Nd7 16. h4 Nc5 17. h5 Nxd3 18. Kxd3 a6 19. Bb6 {[%emt 0:09:56] Black must now prevent hxg6.} Re8 20. a4 Bd7 21. h6 Rc6 22. a5 Bb2 23. Rb1 Be5 24. g4 e6 25. Bd4 Bxd4 26. Nxd4 Rc5 27. b4 Rc7 28. Rhc1 Rec8 29. g5 Kf8 30. Rc3 e5 {[%emt 0:04:18] [#]} (30... f6 $11 {remains equal.}) 31. Ne2 {[%emt 0:05:13] White is more active.} (31. Nc2 $1 $16) 31... Ke7 32. Ng3 {[%emt 0:11:12] Weighted Error Value: White=0.11 (very precise) /Black=0.08 (flawless)} 1/2-1/2

[Event "16th HSG Open-A 2022"]
[Site "Hilversum"]
[Date "2022.06.19"]
[Round "6.1"]
[White "Beerdsen, Thomas"]
[Black "Harff, Marcel"]
[Result "1-0"]
[ECO "C13"]
[WhiteElo "2497"]
[BlackElo "2336"]
[Annotator "TA"]
[PlyCount "53"]
[EventDate "2022.06.17"]
[EventCountry "NED"]
[SourceTitle "playchess.com"]
[Source "ChessBase"]
[SourceQuality "1"]
[TimeControl "6600+10"]

1. e4 e6 2. d4 d5 3. Nc3 dxe4 4. Nxe4 Nd7 5. Nf3 Ngf6 6. Bg5 Be7 7. Nxf6+ Bxf6 {[%emt 0:00:29] 7...Bxf6 scores better than 7...Nxf6.} 8. h4 c5 9. Qd2 cxd4 {[%emt 0:02:08] C13: French: Classical System: 4 Bg5 Be7, Alekhine-Chatard Attack.} 10. Nxd4 h6 {[%emt 0:01:38] is the legacy move (10...0-0).} 11. Bxf6 Nxf6 {[%emt 0:00:08] The position is equal.} 12. O-O-O {[%emt 0:06:10] [#] And now Bb5+ would win.} a6 $146 {[%emt 0:02:57] [#] Against Bb5+} ({Predecessor:} 12... O-O 13. f3 e5 14. Nb5 Qxd2+ 15. Rxd2 e4 16. Bc4 a6 17. Nd6 b5 18. Be2 exf3 19. Bxf3 {0-1 (42) Kovacevic,A (2575)-Lajthajm,B (2475) Valjevo 2011}) 13. Bd3 $1 Qc7 (13... Qxd4 $2 14. Bb5+ $1 axb5 15. Qxd4 $18) (13... Bd7 14. Qb4) 14. g4 $1 Nxg4 {[%emt 0:00:27] [#]} (14... Bd7 $14 {should be considered.}) 15. Rhg1 $1 $16 Ne5 16. Rxg7 {[%emt 0:01:38][%cal Od3b5] Bb5+! is the strong threat.} Bd7 {[%emt 0:00:40] Inhibits Bb5.} 17. Kb1 O-O-O $1 18. Be2 Nc4 (18... Bb5 $1 $14) 19. Bxc4 Qxc4 20. Qf4 (20. Rxf7 $2 e5 21. Qc3 Qxc3 22. bxc3 exd4 23. Rxd4 Bc6 $19) ({Better is} 20. Qe1 $16) 20... Rhe8 (20... Qd5 $1 $11 21. c4 (21. Rxf7 $2 e5 $19) (21. Qxf7 Rhf8 $14) 21... Qc5) 21. b3 (21. Rxf7 $2 e5 22. b3 Qxd4 23. Rxd4 exf4 24. Rfxf4 Re1+ 25. Kb2 Bc6 $19) 21... Qc5 {[%emt 0:00:53] Threatens to win with ...e5.} 22. Qxf7 Rf8 23. Qg6 $36 {[%emt 0:02:11][%mdl 2048] White is on the roll. 0x0.001763082b0cdp-1022s more active pieces.} Kb8 {[%emt 0:01:58] aiming for ...Bc8.} 24. Rd3 (24. Nxe6 $2 Bxe6 25. Rxd8+ Rxd8 $19) (24. Qg2 $2 Bc8 25. Qe4 e5 $19) (24. f4 $16) 24... e5 {[%emt 0:01:05] [#]} (24... Bc8 $11 25. Qe4 (25. Nxe6 Bxe6 26. Qxe6 Rxd3 $11) 25... Rd5) 25. Rxd7 $1 Rxd7 26. Ne6 {[%emt 0:01:09][%mdl 64] Discovered Attack, Double Attack} Rd6 (26... Qc8 $16 {is a better chance.} 27. Rxd7 (27. Nxf8 Rxd3 28. Qxd3 Qxf8 $16) 27... Qxd7 28. Nxf8 Qd1+ 29. Kb2 Qd4+ 30. Kc1 (30. Kb1 Qd1+ 31. Kb2 Qd4+ 32. Kb1 Qd1+ $16) 30... Qf4+ 31. Kb2 Qd4+ 32. Kb1 Qd1+ 33. Kb2 Qd4+) 27. Nxc5 {[%emt 0:00:07] Weighted Error Value: White=0.19 (very precise) /Black=0.68} 1-0